 Dungeon Crawl Stone Soup version 0.25-a0-545-ge4db218 (webtiles) character file.

Game seed: 12598200799255084683, levelgen mode: deterministic

7898 wolfsongas the Grappler (level 11, -11/92 HPs)
             Began as a Ghoul Monk on Feb 21, 2020.
             Was an Elder of Makhleb.
             Mangled by a spectral orc knight
             ... wielding a +1 war axe of electrocution
             ... summoned by Nergalle
              (19 damage)
             ... on level 10 of the Dungeon.
             The game lasted 00:15:46 (10309 turns).

wolfsongas the Grappler (Ghoul Monk)               Turns: 10309, Time: 00:15:47

Health: -11/92     AC: 11    Str: 25    XL:     11   Next: 22%
Magic:  13/13      EV:  7    Int:  5    God:    Makhleb [****..]
Gold:   681        SH: 13    Dex: 12    Spells: 10/10 levels left

rFire    + . .     SeeInvis .     - Unarmed
rCold    + . .     Gourm    .   p - +3 kite shield of Minor Irritation {Str+7}
rNeg     + + +     Faith    +   f - +1 plate armour
rPois    ∞         Spirit   .   (no helmet)
rElec    .         Reflect  .   (no cloak)
rCorr    .         Harm     .   (no gloves)
MR       .....                  (no boots)
Stlth    ..........             r - amulet of faith
HPRegen  0.00/turn              h - ring of protection from fire
MPRegen  0.13/turn              n - ring of flight

@: stab, very slightly contaminated, rotting, invisible
A: rotting body, claws 1, carnivore, cold resistance 1, negative energy
resistance 3, inhibited regeneration, torment resistance, unbreathing
a: Minor Destruction, Lesser Servant of Makhleb, Major Destruction, Renounce
Religion, Evoke Flight


You were on level 10 of the Dungeon.
You worshipped Makhleb.
Makhleb was greatly pleased with you.
You were not hungry.

You visited 2 branches of the dungeon, and saw 11 of its levels.

You collected 681 gold pieces.

Inventory:

Armour
 f - a +1 plate armour (worn)
 p - the +3 kite shield of Minor Irritation (worn) {Str+7}
   (You found it on level 8 of the Dungeon)

   It affects your strength (+7).
Jewellery
 h - a ring of protection from fire (left claw)
 n - a ring of flight (right claw)
 r - an amulet of faith (around neck)
Wands
 d - a wand of polymorph (4)
 e - a wand of paralysis (15)
 k - a wand of iceblast (15)
 o - a wand of flame (17)
 t - a wand of acid (7)
Scrolls
 g - 4 scrolls of remove curse
 i - 2 scrolls of identify
 m - 2 scrolls of teleportation
 s - a scroll of enchant weapon
Potions
 a - a potion of curing
 c - a potion of flight
Comestibles
 b - 17 rations
 j - 2 chunks of flesh


   Skills:
 - Level 7.1 Fighting
 - Level 7.2 Dodging
 - Level 2.1 Stealth
 + Level 4.5 Shields
 + Level 13.3 Unarmed Combat
 + Level 4.5 Evocations


You had 10 spell levels left.
You didn't know any spells.
Your spell library contained the following spells:

 Spells                   Type           Power        Failure   Level  Hunger
 Apportation              Tloc           #.....       100%        1    ##.....
 Summon Butterflies       Summ           #.......     100%        1    ##.....
 Lesser Beckoning         Tloc           #.........   100%        3    ####...
 Tukima's Dance           Hex            #.......     100%        3    ####...
 Alistair's Intoxication  Tmut/Pois      #.......     100%        5    ######.
 Invisibility             Hex            #.......     100%        6    #######


Dungeon Overview and Level Annotations

Branches:
Dungeon (10/15)            Temple (1/1) D:6            Lair (0/6) D:9
    Orc: D:9-12

Altars:
Ashenzari
Cheibriados
Dithmenos
Elyvilon
Fedhas
Gozag
Hepliaklqana
Kikubaaqudgha
Makhleb
Nemelex Xobeh
Okawaru
Qazlal
Ru
Sif Muna
Trog
Uskayaw
Vehumet
Wu Jian
Xom
Yredelemnul
Zin
The Shining One

Annotations:
D:8 1 runed translucent door
D:10 Nergalle


Innate Abilities, Weirdness & Mutations

Your body is rotting away.
You thrive on raw meat.
You are immune to poison.
You have sharp fingernails.
You are carnivorous and can eat meat at any time.
Your flesh is cold resistant. (rC+)
You are immune to negative energy. (rN+++)
You do not regenerate when monsters are visible.
You are immune to unholy pain and torment.
You can survive without breathing.


Message History

Orcish apparitions take form around you.
The two-headed ogre hits you with a cursed -3 giant club!
* * * LOW HITPOINT WARNING * * *
The two-headed ogre closely misses you.
The helpless two-headed ogre fails to defend itself.
You eviscerate the two-headed ogre!!!
You kill the two-headed ogre!
Makhleb accepts your kill.
The leopard gecko hisses angrily.
The spectral orc knight hits you but does no damage.
You are electrocuted!
* * * LOW HITPOINT WARNING * * *
Press: ? - help, Shift-Dir - straight line, f - Nergalle
Aim: Nergalle, wielding a +0 dagger and wearing a +0 robe You fail to use your ability.
The leopard gecko hisses angrily.
The spectral orc knight hits you with a +1 war axe of electrocution.
* * * LOW HITPOINT WARNING * * *
You are electrocuted!!
You die...

#####
###Z..#
#.@Z..#
###Z).#
.l..#
......#
.....o##
....n...
..........
............


You could see Nergalle, a spectral orc warrior, a spectral orc knight, a
spectral orc warlord, a necrophage and a leopard gecko (wandering).

Vanquished Creatures
  Josephine (D:10)
  A hydra (D:7)
  2 two-headed ogres
  A necromancer (D:9)
  A troll (D:9)
  A hippogriff (D:9)
  Sigmund (D:2)
  A spriggan (D:7)
  A wraith (D:10)
  Eustachio (D:6)
  A hungry ghost (D:8)
  Menkaure (D:5)
  Duvessa (D:5)
  A water moccasin (D:5)
  2 ice beasts
  A sky beast (D:9)
  2 phantoms (D:5)
  A necrophage (D:6)
  4 ogres
  4 centaurs
  A crocodile (D:6)
  A gnoll sergeant (D:9)
  4 bullfrogs
  Dowan (D:5)
  A scorpion (D:8)
  A killer bee (D:8)
  5 wights (D:9)
  2 howler monkeys
  7 crimson imps
  A bullfrog zombie (D:7)
  A centaur zombie (D:8)
  4 hounds
  2 jellies
  3 orc priests
  Jessica (D:3)
  2 bullfrog skeletons
  Natasha (thrice) (D:3)
  Terence (D:3)
  4 iguanas
  5 worker ants
  An orc wizard (D:8)
  A polar bear simulacrum (D:9)
  4 yak simulacra (D:9)
  2 wolf simulacra (D:9)
  2 hound skeletons
  A worker ant zombie (D:5)
  5 gnolls (D:9)
  16 adders
  A shadow imp (D:6)
  An ooze (D:2)
  3 adder skeletons
  5 worms
  5 dart slugs
  9 leopard geckos
  13 orcs
  3 ball pythons
  8 giant cockroaches
  7 goblins
  12 hobgoblins
  15 kobolds
  6 quokkas
  10 bats
  4 frilled lizards
  A jackal zombie (D:9)
  A leopard gecko skeleton (D:4)
  2 quokka skeletons
  12 rats
  4 river rat simulacra (D:9)
233 creatures vanquished.

Vanquished Creatures (others)
  A jelly (D:5)
  3 fungi (D:9)
  2 plants (D:9)
  4 toadstools (D:1)
10 creatures vanquished.

Grand Total: 243 creatures vanquished

Notes
Turn   | Place    | Note
-------+----------+-------------------------------------------
     0 | D:1      | wolfsongas the Ghoul Monk began the quest for the Orb.
     0 | D:1      | Reached XP level 1. HP: 19/19 MP: 0/0
   223 | D:1      | Reached XP level 2. HP: 23/27 MP: 1/1
   496 | D:1      | Reached XP level 3. HP: 32/33 MP: 2/2
  1561 | D:2      | Reached skill level 4 in Unarmed Combat
  1561 | D:2      | Reached XP level 4. HP: 33/41 MP: 3/3
  1832 | D:2      | Noticed Sigmund
  1874 | D:2      | Killed Sigmund
  1874 | D:2      | Reached XP level 5. HP: 16/49 MP: 4/4
  1874 | D:2      | Reached XP level 6. HP: 19/56 MP: 5/5
  2217 | D:3      | Reached skill level 5 in Unarmed Combat
  2500 | D:3      | Noticed Natasha
  2508 | D:3      | Killed Natasha
  2608 | D:3      | Noticed Terence
  2618 | D:3      | Killed Terence
  2740 | D:3      | Noticed Natasha
  2748 | D:3      | Killed Natasha
  2888 | D:3      | Noticed Natasha
  2896 | D:3      | Killed Natasha
  2965 | D:3      | Noticed Jessica
  2972 | D:3      | Killed Jessica
  3078 | D:3      | Reached XP level 7. HP: 65/66 MP: 6/6
  3737 | D:4      | Reached skill level 6 in Unarmed Combat
  4087 | D:5      | Entered Level 5 of the Dungeon
  4417 | D:5      | Noticed Menkaure
  4430 | D:5      | Killed Menkaure
  4430 | D:5      | Reached skill level 7 in Unarmed Combat
  4430 | D:5      | Reached XP level 8. HP: 42/73 MP: 7/7
  4725 | D:5      | Noticed Duvessa
  4745 | D:5      | Killed Duvessa
  4746 | D:5      | Noticed Dowan
  4761 | D:5      | Killed Dowan
  4761 | D:5      | Reached skill level 8 in Unarmed Combat
  5247 | D:5      | Found a white marble altar of Elyvilon.
  5564 | D:5      | Found a basalt altar of Yredelemnul.
  5684 | D:6      | Found a staircase to the Ecumenical Temple.
  5704 | Temple   | Entered the Ecumenical Temple
  6000 | Temple   | Became a worshipper of Makhleb the Destroyer
  6000 | Temple   | Reached * piety under Makhleb
  6000 | Temple   | Reached ** piety under Makhleb
  6173 | D:6      | Reached skill level 5 in Dodging
  6173 | D:6      | Reached skill level 9 in Unarmed Combat
  6535 | D:6      | Reached XP level 9. HP: 73/79 MP: 8/8
  6554 | D:6      | Noticed Eustachio
  6572 | D:6      | Killed Eustachio
  6699 | D:6      | Reached skill level 10 in Unarmed Combat
  7360 | D:7      | Found an ornate altar of the Wu Jian Council.
  7736 | D:7      | Noticed a six-headed hydra
  7744 | D:7      | HP: 2/78 [six-headed hydra (2)]
  7755 | D:7      | Killed a six-headed hydra
  7755 | D:7      | Reached skill level 11 in Unarmed Combat
  8271 | D:7      | Reached XP level 10. HP: 86/86 MP: 9/9
  8512 | D:8      | Got a shimmering kite shield
  8524 | D:8      | Identified the +3 kite shield of Minor Irritation {Str+7}
                  | (You found it on level 8 of the Dungeon)
  8528 | D:8      | Reached skill level 12 in Unarmed Combat
  8613 | D:8      | Found a shimmering blue altar of Sif Muna.
  8758 | D:8      | Noticed a +0 hand axe
  8758 | D:8      | Noticed a +0 hand axe
  8760 | D:8      | Found a hide-covered altar of Uskayaw.
  8797 | D:8      | Reached *** piety under Makhleb
  9020 | D:8      | Found a runed translucent door.
  9020 | D:8      | Noticed an orc knight
  9020 | D:8      | Noticed a centaur warrior
  9022 | D:8      | Noticed a cyclops
  9022 | D:8      | Noticed a fire dragon
  9022 | D:8      | Noticed a fire dragon
  9196 | D:9      | Reached skill level 1 in Evocations
  9202 | D:9      | Reached skill level 1 in Shields
  9218 | D:9      | Found a staircase to the Lair.
  9253 | D:9      | Noticed a necromancer
  9260 | D:9      | Killed a necromancer
  9282 | D:9      | Reached **** piety under Makhleb
  9352 | D:9      | Noticed a two-headed ogre
  9879 | D:9      | Killed a two-headed ogre
 10145 | D:9      | Found a glowing golden altar of the Shining One.
 10154 | D:9      | Found a blossoming altar of Fedhas.
 10157 | D:9      | Found a bloodstained altar of Trog.
 10202 | D:9      | Found a sacrificial altar of Ru.
 10206 | D:9      | Found a shimmering altar of Xom.
 10232 | D:10     | Entered Level 10 of the Dungeon
 10255 | D:10     | Reached skill level 13 in Unarmed Combat
 10279 | D:10     | Noticed Josephine
 10291 | D:10     | Killed Josephine
 10291 | D:10     | Reached XP level 11. HP: 38/92 MP: 11/13
 10297 | D:10     | Noticed a two-headed ogre
 10303 | D:10     | Noticed Nergalle
 10308 | D:10     | Noticed a spectral orc warlord
 10308 | D:10     | Killed a two-headed ogre
 10309 | D:10     | Mangled by a spectral orc knight

Levels and vault maps discovered:
D:1:      ldierk_water_garden, layout_basic, minmay_pentomino_u2
D:2:      layout_rooms, uniq_sigmund
D:3:      minmay_bubble_buster, layout_loops_ring, uniq_terence, uniq_jessica,
          uniq_natasha
D:4:      layout_gridville, first_ration
D:5:      layout_basic, kennysheep_ying_yang, lemuel_flamethrower_2,
          uniq_duvessa, uniq_menkaure
D:6:      layout_basic, minmay_temple_entry_mist, chequers_serial_rivers_room_b,
          grunt_ministairs_2, feat_on_display, uniq_eustachio
D:7:      minmay_cornered_nines, layout_loops_ring, overflow_temple_1_default,
          minmay_liquid_box, the_bakery, nrook_mini_backslash
D:8:      minmay_gate_of_8, layout_basic, dancing_weapons_uskayaw,
          minmay_ruined_shrine
D:9:      layout_loops_ring, minmay_overflow_temple_star_hex, dpeg_oklobed_lair,
          eino_house_with_fridge
D:10:     layout_cave_pools, uniq_josephine, uniq_nergalle
Temple:   oiseaux_autumnal_temple

Skill      XL: |  1  2  3  4  5  6  7  8  9 10 |
---------------+-------------------------------+-----
Fighting       | 4 6 7 |  7.1
Unarmed Combat | 4 5 7 9 11 13 | 13.3
Dodging        | 3 5 6 7 |  7.2
Evocations     | 4 |  4.5
Shields        | 4 |  4.5
Stealth        | |  2.1

Action                   |  1- 3 |  4- 6 |  7- 9 | 10-12 || total
-------------------------+-------+-------+-------+-------++-------
Melee: Unarmed           |   119 |   151 |   363 |   255 ||   888
       Punch             |     1 |       |    11 |       ||    12
Invok: Minor Destruction |       |       |     6 |     1 ||     7
       Lesser Servant of |       |       |       |     1 ||     1
  Use: Scroll            |     7 |     3 |     8 |     8 ||    26
       Potion            |     1 |     6 |    14 |     4 ||    25
 Stab: Sleeping          |     4 |     5 |     1 |     8 ||    18
       Invisible         |       |       |     3 |       ||     3
       Distracted        |       |       |       |     1 ||     1
  Eat: Chunk             |     2 |     5 |    17 |     5 ||    29
       Ration            |       |       |     2 |       ||     2
Armor: Robe              |    20 |     7 |       |       ||    27
       Ring mail         |       |    16 |    45 |       ||    61
       Chain mail        |       |       |    14 |       ||    14
       Plate armour      |       |       |    56 |    94 ||   150
Dodge: Dodged            |    75 |    62 |   145 |    60 ||   342
Block: Kite shield       |       |       |       |   112 ||   112

Table legend:
 A = Non-vault XP
 B = Vault XP
 C = Vault XP percentage of total XP
 D = Non-vault monster count
 E = Vault monster count
 F = Vault count percentage of total count
                 A         B        C        D         E       F
            +---------+---------+-------+---------+---------+-------
      Total |    6718 |    4565 |  40.5 |     181 |      52 |  22.3
            +---------+---------+-------+---------+---------+-------
        D:1 |      46 |       5 |   9.8 |      27 |       2 |   6.9
        D:2 |      68 |     238 |  77.8 |      27 |       1 |   3.6
        D:3 |     107 |     163 |  60.4 |      18 |      18 |  50.0
        D:4 |     160 |       0 |   0.0 |      16 |       0 |   0.0
        D:5 |     609 |     401 |  39.7 |      15 |       3 |  16.7
        D:6 |    1091 |     287 |  20.8 |      19 |       3 |  13.6
        D:7 |     470 |    1227 |  72.3 |      11 |       4 |  26.7
        D:8 |     627 |     221 |  26.1 |      16 |       7 |  30.4
        D:9 |    2338 |     771 |  24.8 |      27 |      12 |  30.8
       D:10 |    1202 |    1252 |  51.0 |       5 |       2 |  28.6
            +---------+---------+-------+---------+---------+-------
